TOP OF THE 1ST |
Jersey Shore D-Bags batting - Pitching for Houston Marshals : LHP Stan Aldridge
|
Pitching: LHP Stan Aldridge
|
|
Batting: RHB Millard Boyd
|
0-0: Fly out, F3 (Popup, 3D)
|
Batting: LHB Juan Hernández
|
0-0: Swinging Strike 0-1: Swinging Strike 0-2: DOUBLE (Line Drive, 78M)
|
Batting: RHB Miguel Serna
|
0-0: Foul Ball, location: 2F 0-1: Ball 1-1: Ground out 1-3 (Groundball, 13S) Juan Hernández to third
|
Batting: LHB Dave Dodd
|
0-0: Ball 1-0: Swinging Strike 1-1: DOUBLE (Line Drive, 3D) Juan Hernández scores
|
Batting: RHB Ben Morton
|
0-0: Ball 1-0: Ball 2-0: Fly out, F9 (Flyball, 9LS)
|
Top of the 1st over - 1 run(s), 2 hit(s), 0 error(s), 1 left on base; Jersey Shore 1 - Houston 0 |
BOTTOM OF THE 1ST |
Houston Marshals batting - Pitching for Jersey Shore D-Bags : RHP Stephen Puckett
|
Pitching: RHP Stephen Puckett
|
|
Batting: RHB Alberto Velásquez
|
0-0: Foul Ball, location: 2F 0-1: Ball 1-1: Foul Ball, location: 2F 1-2: Foul Ball, location: 2F 1-2: Foul Ball, location: 2F 1-2: Strikes out looking
|
Batting: SHB Ramón Lugo
|
0-0: Called Strike 0-1: Ground out U3 (Groundball, 34)
|
Batting: LHB Lewis Barr
|
0-0: Ball 1-0: Ball 2-0: Called Strike 2-1: Foul Ball, location: 2F 2-2: SINGLE (Flyball, 7S)
|
Batting: LHB José Rodríguez
|
0-0: Called Strike 0-1: Ball 1-1: Foul Ball, location: 2F 1-2: Ball 2-2: Strikes out swinging
|
Bottom of the 1st over - 0 run(s), 1 hit(s), 0 error(s), 1 left on base; Jersey Shore 1 - Houston 0 |
TOP OF THE 2ND |
Jersey Shore D-Bags batting - Pitching for Houston Marshals : LHP Stan Aldridge
|
Batting: RHB Luis Ríos
|
0-0: Called Strike 0-1: Ball 1-1: SINGLE (Line Drive, 6D)
|
Batting: LHB Albert Morgan
|
0-0: Ball 1-0: Fly out, F9 (Line Drive, 9D)
|
Batting: RHB Eugenio Lucero
|
0-0: Ball 1-0: Ball 2-0: Called Strike 2-1: Fly out, F7 (Flyball, 7S)
|
Batting: RHB Pat Fullerton
|
0-0: Ball 1-0: Ball 2-0: Called Strike 2-1: Ball 3-1: Base on Balls Luis Ríos to second
|
Batting: RHB Millard Boyd
|
0-0: Ball 1-0: Fly out, F9 (Flyball, 89S)
|
Top of the 2nd over - 0 run(s), 1 hit(s), 0 error(s), 2 left on base; Jersey Shore 1 - Houston 0 |
BOTTOM OF THE 2ND |
Houston Marshals batting - Pitching for Jersey Shore D-Bags : RHP Stephen Puckett
|
Batting: SHB Álex Rosado
|
0-0: Called Strike 0-1: Swinging Strike 0-2: Foul Ball, location: 2F 0-2: Ball 1-2: Strikes out swinging
|
Batting: LHB Matt Smith
|
0-0: Ball 1-0: Swinging Strike 1-1: Swinging Strike 1-2: Ball 2-2: Foul Ball, location: 2F 2-2: Foul Ball, location: 2F 2-2: Ball 3-2: Hit by Pitch
|
Batting: SHB Juan Gómez
|
0-0: Called Strike 0-1: Foul Ball, location: 2F 0-2: Ball 1-2: Fly out, F9 (Line Drive, 9)
|
Batting: LHB Kent MacDulothe
|
0-0: Foul Ball, location: 2F 0-1: Foul Ball, location: 2F 0-2: Ball 1-2: Ball 2-2: Ball 3-2: Base on Balls Matt Smith to second
|
Batting: RHB Gregg Nelson
|
0-0: Swinging Strike 0-1: Ball 1-1: Fly out, F5 (Popup, 5L)
|
Bottom of the 2nd over - 0 run(s), 0 hit(s), 0 error(s), 2 left on base; Jersey Shore 1 - Houston 0 |
TOP OF THE 3RD |
Jersey Shore D-Bags batting - Pitching for Houston Marshals : LHP Stan Aldridge
|
Batting: LHB Juan Hernández
|
0-0: Ball 1-0: SINGLE (Groundball, 56) (infield hit)
|
Batting: RHB Miguel Serna
|
0-0: Foul Ball, location: 2F 0-1: Ball 1-1: Fly out, F6 (Popup, 6)
|
Batting: LHB Dave Dodd
|
0-0: Called Strike 0-1: Ball 1-1: Ball 2-1: Ball 3-1: Foul Ball, location: 2F 3-2: Ground out 1-3 (Groundball, 13S) Juan Hernández to second
|
Batting: RHB Ben Morton
|
0-0: SINGLE (Flyball, 9LS) Juan Hernández to third Runner from 3rd tries for Home, SAFE, no throw
|
Batting: RHB Luis Ríos
|
0-0: Ball 1-0: Ball 2-0: Called Strike 2-1: Ball 3-1: Foul Ball, location: 2F 3-2: Foul Ball, location: 2F 3-2: Strikes out swinging
|
Top of the 3rd over - 1 run(s), 2 hit(s), 0 error(s), 1 left on base; Jersey Shore 2 - Houston 0 |
BOTTOM OF THE 3RD |
Houston Marshals batting - Pitching for Jersey Shore D-Bags : RHP Stephen Puckett
|
Batting: RHB Alberto Velásquez
|
0-0: Ball 1-0: Foul Ball, location: 2F 1-1: Ground out 1-3 (Groundball, 13)
|
Batting: SHB Ramón Lugo
|
0-0: Ball 1-0: Called Strike 1-1: Ball 2-1: Ground out 4-3 (Groundball, 34)
|
Batting: LHB Lewis Barr
|
0-0: Ball 1-0: Called Strike 1-1: Called Strike 1-2: Ball 2-2: Foul Ball, location: 2F 2-2: Strikes out swinging
|
Bottom of the 3rd over - 0 run(s), 0 hit(s), 0 error(s), 0 left on base; Jersey Shore 2 - Houston 0 |
TOP OF THE 4TH |
Jersey Shore D-Bags batting - Pitching for Houston Marshals : LHP Stan Aldridge
|
Batting: LHB Albert Morgan
|
0-0: Ground out 4-3 (Groundball, 4)
|
Batting: RHB Eugenio Lucero
|
0-0: Swinging Strike 0-1: Called Strike 0-2: Ball 1-2: Strikes out swinging
|
Batting: RHB Pat Fullerton
|
0-0: Ball 1-0: Ball 2-0: Ball 3-0: Called Strike 3-1: Base on Balls
|
Batting: RHB Millard Boyd
|
0-0: Called Strike 0-1: Ball 1-1: Ball 2-1: SINGLE (Groundball, 56D) Pat Fullerton to second
|
Batting: LHB Juan Hernández
|
0-0: Called Strike 0-1: Fly out, F9 (Flyball, 9LS)
|
Top of the 4th over - 0 run(s), 1 hit(s), 0 error(s), 2 left on base; Jersey Shore 2 - Houston 0 |
BOTTOM OF THE 4TH |
Houston Marshals batting - Pitching for Jersey Shore D-Bags : RHP Stephen Puckett
|
Batting: LHB José Rodríguez
|
0-0: Called Strike 0-1: Foul Ball, location: 2F 0-2: Hit by Pitch
|
Batting: SHB Álex Rosado
|
0-0: Fly out, F8 (Flyball, 8RS)
|
Batting: LHB Matt Smith
|
0-0: Ball 1-0: Called Strike 1-1: Grounds into double play, 4-6-3 (Groundball, 4)
|
Bottom of the 4th over - 0 run(s), 0 hit(s), 0 error(s), 0 left on base; Jersey Shore 2 - Houston 0 |
TOP OF THE 5TH |
Jersey Shore D-Bags batting - Pitching for Houston Marshals : LHP Stan Aldridge
|
Batting: RHB Miguel Serna
|
0-0: Ball 1-0: Ball 2-0: Called Strike 2-1: SINGLE (Groundball, 56D)
|
Batting: LHB Dave Dodd
|
0-0: Foul Ball, location: 2F 0-1: Ball 1-1: Foul Ball, location: 2F 1-2: Fielders Choice at 2nd, 1-6 (Groundball, 13)
|
Batting: RHB Ben Morton
|
0-0: Ball 1-0: Called Strike 1-1: Fly out, F8 (Flyball, 8RM)
|
Batting: RHB Luis Ríos
|
0-0: Called Strike 0-1: Ball 1-1: Ball 2-1: Fielders Choice at 2nd, 5-4 (Groundball, 56)
|
Top of the 5th over - 0 run(s), 1 hit(s), 0 error(s), 0 left on base; Jersey Shore 2 - Houston 0 |
BOTTOM OF THE 5TH |
Houston Marshals batting - Pitching for Jersey Shore D-Bags : RHP Stephen Puckett
|
Batting: SHB Juan Gómez
|
0-0: Called Strike 0-1: Ball 1-1: Swinging Strike 1-2: Ground out 5-3 (Groundball, 56)
|
Batting: LHB Kent MacDulothe
|
0-0: Ball 1-0: Called Strike 1-1: Ball 2-1: Swinging Strike 2-2: Strikes out swinging
|
Batting: RHB Gregg Nelson
|
0-0: Foul Ball, location: 2F 0-1: Ball 1-1: Ball 2-1: Fly out, F7 (Line Drive, 78M)
|
Bottom of the 5th over - 0 run(s), 0 hit(s), 0 error(s), 0 left on base; Jersey Shore 2 - Houston 0 |
TOP OF THE 6TH |
Jersey Shore D-Bags batting - Pitching for Houston Marshals : LHP Stan Aldridge
|
Batting: LHB Albert Morgan
|
0-0: Called Strike 0-1: Ground out 4-3 (Groundball, 4MS)
|
Batting: RHB Eugenio Lucero
|
0-0: Ball 1-0: Called Strike 1-1: Ball 2-1: Ball 3-1: Fly out, F8 (Line Drive, 78M)
|
Batting: RHB Pat Fullerton
|
0-0: Foul Ball, location: 2F 0-1: Ball 1-1: Ball 2-1: Ball 3-1: Base on Balls
|
Batting: RHB Millard Boyd
|
0-0: Ball 1-0: Swinging Strike 1-1: Called Strike 1-2: Foul Ball, location: 2F 1-2: Strikes out swinging
|
Top of the 6th over - 0 run(s), 0 hit(s), 0 error(s), 1 left on base; Jersey Shore 2 - Houston 0 |
BOTTOM OF THE 6TH |
Houston Marshals batting - Pitching for Jersey Shore D-Bags : RHP Stephen Puckett
|
Batting: RHB Alberto Velásquez
|
0-0: Ball 1-0: Swinging Strike 1-1: Fly out, F9 (Flyball, 9S)
|
Batting: SHB Ramón Lugo
|
0-0: Ground out U3 (Groundball, 34)
|
Batting: LHB Lewis Barr
|
0-0: Ball 1-0: Foul Ball, location: 2F 1-1: SINGLE (Flyball, 89S)
|
Batting: LHB José Rodríguez
|
0-0: Fly out, F7 (Flyball, 7S)
|
Bottom of the 6th over - 0 run(s), 1 hit(s), 0 error(s), 1 left on base; Jersey Shore 2 - Houston 0 |
TOP OF THE 7TH |
Jersey Shore D-Bags batting - Pitching for Houston Marshals : LHP Stan Aldridge
|
Pitching: RHP Vinícius Itaquy
|
|
Batting: LHB Juan Hernández
|
0-0: Swinging Strike 0-1: Swinging Strike 0-2: Ball 1-2: Ball 2-2: Foul Ball, location: 2F 2-2: Strikes out looking
|
Batting: RHB Miguel Serna
|
0-0: Called Strike 0-1: Ball 1-1: Ball 2-1: Foul Ball, location: 2F 2-2: Strikes out swinging
|
Batting: LHB Dave Dodd
|
0-0: Ball 1-0: Ball 2-0: Ball 3-0: Base on Balls
|
Batting: RHB Ben Morton
|
0-0: Fielders Choice at 2nd, 6-4 (Groundball, 6)
|
Top of the 7th over - 0 run(s), 0 hit(s), 0 error(s), 0 left on base; Jersey Shore 2 - Houston 0 |
BOTTOM OF THE 7TH |
Houston Marshals batting - Pitching for Jersey Shore D-Bags : RHP Stephen Puckett
|
Batting: SHB Álex Rosado
|
0-0: Ball 1-0: Called Strike 1-1: Fly out, F5 (Popup, 56)
|
Batting: LHB Matt Smith
|
0-0: SINGLE (Flyball, 8LS)
|
Batting: SHB Juan Gómez
|
0-0: Ball 1-0: Ball 2-0: Called Strike 2-1: Fly out, F8 (Flyball, 8LM)
|
Batting: LHB Kent MacDulothe
|
0-0: Ball 1-0: Called Strike 1-1: Ball 2-1: Foul Ball, location: 2F 2-2: Strikes out swinging
|
Bottom of the 7th over - 0 run(s), 1 hit(s), 0 error(s), 1 left on base; Jersey Shore 2 - Houston 0 |
TOP OF THE 8TH |
Jersey Shore D-Bags batting - Pitching for Houston Marshals : RHP Vinícius Itaquy
|
Batting: RHB Luis Ríos
|
0-0: Ball 1-0: Ball 2-0: Fly out, F4 (Popup, 34D)
|
Batting: LHB Albert Morgan
|
0-0: Ball 1-0: DOUBLE (Line Drive, 9LM)
|
Batting: RHB Eugenio Lucero
|
0-0: Ball 1-0: Called Strike 1-1: Fly out, F8 (Flyball, 8LM)
|
Batting: RHB Pat Fullerton
|
0-0: Swinging Strike 0-1: Ground out 4-3 (Groundball, 4)
|
Top of the 8th over - 0 run(s), 1 hit(s), 0 error(s), 1 left on base; Jersey Shore 2 - Houston 0 |
BOTTOM OF THE 8TH |
Houston Marshals batting - Pitching for Jersey Shore D-Bags : RHP Stephen Puckett
|
Batting: RHB Gregg Nelson
|
0-0: Ball 1-0: Ball 2-0: Swinging Strike 2-1: Foul Ball, location: 2F 2-2: Fly out, F9 (Flyball, 9)
|
Batting: RHB Alberto Velásquez
|
0-0: Fly out, F8 (Flyball, 8RD)
|
Batting: SHB Ramón Lugo
|
0-0: Ball 1-0: Swinging Strike 1-1: Called Strike 1-2: Ball 2-2: Ground out 6-3 (Groundball, 56)
|
Bottom of the 8th over - 0 run(s), 0 hit(s), 0 error(s), 0 left on base; Jersey Shore 2 - Houston 0 |
TOP OF THE 9TH |
Jersey Shore D-Bags batting - Pitching for Houston Marshals : RHP Vinícius Itaquy
|
Batting: RHB Millard Boyd
|
0-0: Called Strike 0-1: Foul Ball, location: 2F 0-2: Fly out, F3 (Line Drive, 34)
|
Batting: LHB Juan Hernández
|
0-0: Foul Ball, location: 2F 0-1: Ball 1-1: Ground out 4-3 (Groundball, 4)
|
Batting: RHB Miguel Serna
|
0-0: Called Strike 0-1: Foul Ball, location: 2F 0-2: Ball 1-2: Strikes out swinging
|
Top of the 9th over - 0 run(s), 0 hit(s), 0 error(s), 0 left on base; Jersey Shore 2 - Houston 0 |
BOTTOM OF THE 9TH |
Houston Marshals batting - Pitching for Jersey Shore D-Bags : RHP Stephen Puckett
|
Pitching: LHP Gerald Johnson
|
|
Batting: LHB Lewis Barr
|
0-0: Called Strike 0-1: Ball 1-1: Called Strike 1-2: Strikes out swinging
|
Batting: LHB José Rodríguez
|
0-0: Called Strike 0-1: Foul Ball, location: 2F 0-2: Strikes out looking
|
Batting: SHB Álex Rosado
|
0-0: Ball 1-0: Foul Ball, location: 2F 1-1: Swinging Strike 1-2: Strikes out swinging
|
Bottom of the 9th over - 0 run(s), 0 hit(s), 0 error(s), 0 left on base; Jersey Shore 2 - Houston 0 |
|